Workbook
Name Excel_BuiltIn__FilterDatabase: 'приложение 9'!$C$2:$C$331
Name Excel_BuiltIn_Print_Area: 'приложение 11'!$B$1:$O$581
Name Excel_BuiltIn_Print_Area: 'приложение 7'!$A$1:$H$58
Name Excel_BuiltIn_Print_Area: 'приложение 9'!$A$2:$F$337
Name Print_Area_0: 'приложение 9'!$A$2:$F$339
Name Print_Area_0_0: 'приложение 11'!$B$1:$Q$585
Name Print_Area_0_0: 'приложение 7'!$A$1:$H$53
Name Print_Area_0_0_0: 'приложение 11'!$A$1:$R$585
Name Print_Area_0_0_0_0: 'приложение 11'!$A$1:$V$585
Name Print_Area_0_0_0_0_0: 'приложение 11'!$B$1:$P$585
Name Print_Area_0_0_0_0_0_0: 'приложение 11'!$A$1:$Q$585
Name Print_Area_0_0_0_0_0_0_0: 'приложение 11'!$A$1:$Q$585
Name Z_4F3F96C3_7B8B_440F_A7C0_DFFBDC784942__wvu_FilterData: #REF!
Name Z_6CB88F76_ADF1_43EB_B8FB_32CF6D2656A6__wvu_Cols: #REF!
Name Z_6CB88F76_ADF1_43EB_B8FB_32CF6D2656A6__wvu_FilterData: #REF!
Name Z_6CB88F76_ADF1_43EB_B8FB_32CF6D2656A6__wvu_PrintArea: #REF!
Name Z_7BCFB845_C80C_48FE_B4FE_79B4B69115F3__wvu_FilterData: #REF!
Name Z_7D67130F_5829_47C5_93DE_738E8D41F162__wvu_FilterData: #REF!
Name Z_8E2E7D81_C767_11D8_A2FD_006098EF8B30__wvu_Cols: #REF!
Name Z_8E2E7D81_C767_11D8_A2FD_006098EF8B30__wvu_FilterData: #REF!
Name Z_8E2E7D81_C767_11D8_A2FD_006098EF8B30__wvu_PrintArea: #REF!
Name Z_AAB63AD1_4FE4_4C7A_A62E_5A604C03BF55__wvu_FilterData: #REF!
Name Z_C231806E_9211_4D8F_9EB3_1A15C537C808__wvu_FilterData: #REF!
Name Z_D05021AF_1DB5_4AD7_B085_4CD71612CDB6__wvu_FilterData: #REF!
Name Z_D5E1AF6B_71F1_4B33_880B_72787157ADA9__wvu_FilterData: #REF!
Name Z_D5E1AF6B_71F1_4B33_880B_72787157ADA9__wvu_PrintArea: #REF!
Name Z_E2E14CAC_FED5_4087_B580_6F7DEE9C9BA1__wvu_FilterData: #REF!
Name Z_EF5A4981_C8E4_11D8_A2FC_006098EF8BA8__wvu_Cols: #REF!
Name Z_EF5A4981_C8E4_11D8_A2FC_006098EF8BA8__wvu_PrintArea: 'приложение 11'!$A$3
Name Z_EF5A4981_C8E4_11D8_A2FC_006098EF8BA8__wvu_PrintTitles: #REF!
Name Z_EFA5B1DC_5497_4E2C_A2B5_ED756C88CC7C__wvu_Cols: #REF!
Name Z_EFA5B1DC_5497_4E2C_A2B5_ED756C88CC7C__wvu_FilterData: #REF!

Sheet приложение 7
C1: Приложение 7
C2: к решению Совета муниципального образования Белореченский муниципальный район Краснодарского края от 27 марта 2025 г. № 165
B3: Распределение бюджетных ассигнований бюджета муниципального образования Белореченский муниципальный район Краснодарского края по разделам и подразделам классификации расходов бюджетов на 2026 и 2027 годы
H4: (рублей)
A5: № п/п | B5: Наименование | C5: Коды бюджетной классификации | G5: 2026 год | H5: 2027 год
C6: Раздел | D6: Подраздел | E6: Целевая статья | F6: Вид расхода
A7: 1 | B7: 2 | C7: 3 | D7: 4 | E7: 5 | F7: 6 | G7: 5 | H7: 6
B8: Всего расходов | G8: =G9+G17+G21+G26+G28+G34+G37+G41+G46+G48 -> 4360965200 | H8: =H9+H17+H21+H26+H28+H34+H37+H41+H46+H48 -> 4322907500
A9: 1. | B9: Общегосударственные вопросы | C9: 01 | G9: =G10+G11+G12+G14+G15+G16+G13 -> 305563500 | H9: =H10+H11+H12+H14+H15+H16+H13 -> 305095400
B10: Функционирование высшего должностного лица субъекта Российской Федерации и муниципального образования | C10: 01 | D10: 02 | G10: ='приложение 11'!I27 -> 2171800 | H10: ='приложение 11'!P27 -> 2089200
B11: Функционирование законодательных (представительных) органов государственной власти и и представительных органов муниципальных образований | C11: 01 | D11: 03 | E11: 0020000 | G11: ='приложение 11'!I11 -> 5950500 | H11: ='приложение 11'!P11 -> 5724100
B12: Функционирование Правительства Российской Федерации, высших органов исполнительной власти субъектов Российской Федерации, местных администраций | C12: 01 | D12: 04 | G12: ='приложение 11'!I32 -> 76239500 | H12: ='приложение 11'!P32 -> 84918300
B13: Судебная система | C13: 01 | D13: 05 | G13: ='приложение 11'!I46 -> 83300 | H13: ='приложение 11'!P46 -> 9200
B14: Обеспечение деятельности финансовых, налоговых и таможенных органов и органов финансового (финансово-бюджетного) надзора | C14: 01 | D14: 06 | E14: 0020000 | G14: ='приложение 11'!I209+'приложение 11'!I229 -> 28552300 | H14: ='приложение 11'!P209+'приложение 11'!P229 -> 27465300
B15: Резервные фонды | C15: 01 | D15: 11 | E15: 0020400 | G15: ='приложение 11'!I50 -> 5000000 | H15: ='приложение 11'!P50 -> 5000000
B16: Другие общегосударственные вопросы | C16: 01 | D16: 13 | E16: 0020400 | F16: 012 | G16: ='приложение 11'!I55+'приложение 11'!I269+'приложение 11'!I215+'приложение 11'!I470+'приложение 11'!I290+'приложение 11'!I419+'приложение 11'!I238+'приложение 11'!I20+'приложение 11'!I245+'приложение 11'!I506 -> 187566100 | H16: ='приложение 11'!P55+'приложение 11'!P269+'приложение 11'!P215+'приложение 11'!P470+'приложение 11'!P290+'приложение 11'!P419+'приложение 11'!P238+'приложение 11'!P20+'приложение 11'!P245+'приложение 11'!P506 -> 179889300
A17: 2. | B17: Национальная безопасность и правоохранительная деятельность | C17: 03 | G17: =G18+G20+G19 -> 42296100 | H17: =H18+H20+H19 -> 45744800
B18: Гражданская оборона | C18: 03 | D18: 09 | G18: ='приложение 11'!I100 -> 35524100 | H18: ='приложение 11'!P100 -> 34742800
B19: Защита населения и территории от чрезвычайных ситуаций природного и техногенного характера, пожарная безопасность | C19: 03 | D19: 10 | G19: ='приложение 11'!I114 -> 252000 | H19: ='приложение 11'!P114 -> 252000
B20: Другие вопросы в области национальной безопасности и правоохранительной деятельности | C20: 03 | D20: 14 | G20: ='приложение 11'!I119 -> 6520000 | H20: ='приложение 11'!P119 -> 10750000
A21: 3. | B21: Национальная экономика | C21: 04 | G21: =G22+G24+G25+G23 -> 44985000 | H21: =H22+H24+H25+H23 -> 42072600
B22: Сельское хозяйство и рыболовство | C22: 04 | D22: 05 | G22: ='приложение 11'!I251 -> 29053300 | H22: ='приложение 11'!P251 -> 28721000
B23: Транспорт | C23: 04 | D23: 08 | G23: ='приложение 11'!I136 -> 1250000 | H23: ='приложение 11'!P136 -> 1250000
B24: Дорожное хозяйство(дорожные фонды) | C24: 04 | D24: 09 | G24: ='приложение 11'!I141 -> 8466000 | H24: ='приложение 11'!P141 -> 11231600
B25: Другие вопросы в области национальной экономики | C25: 04 | D25: 12 | G25: ='приложение 11'!I146+'приложение 11'!I283 -> 6215700 | H25: ='приложение 11'!P146+'приложение 11'!P283 -> 870000
A26: 4. | B26: Жилищно-коммунальное хозяйство | C26: 05 | G26: =G27 -> 113440100 | H26: =H27 -> 50516600
B27: Коммунальное хозяйство | C27: 05 | D27: 02 | G27: ='приложение 11'!I156 -> 113440100 | H27: ='приложение 11'!P156 -> 50516600
A28: 5. | B28: Образование | C28: 07 | G28: =G29+G30+G32+G33+G31 -> 3320532600 | H28: =H29+H30+H32+H33+H31 -> 3306303000
B29: Дошкольное образование | C29: 07 | D29: 01 | G29: ='приложение 11'!I297 -> 991538300 | H29: ='приложение 11'!P297 -> 1018435000
B30: Общее образование | C30: 07 | D30: 02 | G30: ='приложение 11'!I314 -> 1892494100 | H30: ='приложение 11'!P314 -> 1875715300
B31: Дополнительное образование детей | C31: 07 | D31: 03 | G31: ='приложение 11'!I355+'приложение 11'!I425 -> 335374000 | H31: ='приложение 11'!P355+'приложение 11'!P425 -> 324833800
B32: Молодежная политика | C32: 07 | D32: 07 | G32: ='приложение 11'!I512+'приложение 11'!I549 -> 17352200 | H32: ='приложение 11'!P512+'приложение 11'!P549 -> 16243000
B33: Другие вопросы в области образования | C33: 07 | D33: 09 | G33: ='приложение 11'!I373+'приложение 11'!I181+'приложение 11'!I541+'приложение 11'!I432 -> 83774000 | H33: ='приложение 11'!P373+'приложение 11'!P181+'приложение 11'!P541+'приложение 11'!P432 -> 71075900
A34: 6. | B34: Культура и кинематография | C34: 08 | G34: =G35+G36 -> 98683400 | H34: =H35+H36 -> 95242300
B35: Культура | C35: 08 | D35: 01 | G35: ='приложение 11'!I438 -> 82661700 | H35: ='приложение 11'!P438 -> 79603300
B36: Другие вопросы в области культуры, кинематографии | C36: 08 | D36: 04 | E36: 4429900 | F36: 001 | G36: ='приложение 11'!I448 -> 16021700 | H36: ='приложение 11'!P448 -> 15639000
A37: 7. | B37: Социальная политика | C37: 10 | G37: =G38+G39+G40 -> 211267300 | H37: =H38+H39+H40 -> 217093900
B38: Социальное обеспечение населения | C38: 10 | D38: 03 | G38: ='приложение 11'!I189 -> 5970700 | H38: ='приложение 11'!P189 -> 5743400
B39: Охрана семьи и детства | C39: 10 | D39: 04 | G39: ='приложение 11'!I412+'приложение 11'!I555+'приложение 11'!I193 -> 191011000 | H39: ='приложение 11'!P412+'приложение 11'!P555+'приложение 11'!P193 -> 197064900
B40: Другие вопросы в области социальной политики | C40: 10 | D40: 06 | G40: ='приложение 11'!I566 -> 14285600 | H40: ='приложение 11'!P566 -> 14285600
A41: 8. | B41: Физическая культура и спорт | C41: 11 | G41: =G42+G45+G44+G43 -> 162197200 | H41: =H42+H45+H44+H43 -> 156838900
B42: Физическая культура | C42: 11 | D42: 01 | G42: ='приложение 11'!I476 -> 2449500 | H42: ='приложение 11'!P476 -> 2356300
B43: Массовый спорт | C43: 11 | D43: 02 | G43: ='приложение 11'!I483 -> 30800 | H43: ='приложение 11'!P483 -> 32100
B44: Спорт высших достижений | C44: 11 | D44: 03 | G44: ='приложение 11'!I488 -> 156672000 | H44: ='приложение 11'!P488 -> 151521400
B45: Другие вопросы в области физической культуры и спорта | C45: 11 | D45: 05 | E45: 5200000 | G45: ='приложение 11'!I498 -> 3044900 | H45: ='приложение 11'!P498 -> 2929100
A46: 9. | B46: Межбюджетные трансферты общего характера бюджетам субъектов Российской Федерации | C46: 14 | D46: 00 | G46: =G47 -> 20000000 | H46: =H47 -> 20000000
B47: Дотации на выравнивание бюджетной обеспеченности субъектов Российской Федерации и муниципальных образований | C47: 14 | D47: 01 | G47: ='приложение 11'!I221 -> 20000000 | H47: ='приложение 11'!P221 -> 20000000
B48: Условно утвержденные | G48: ='приложение 11'!I226 -> 42000000 | H48: ='приложение 11'!P226 -> 84000000
B51: Начальник финансового управления
B52: администрации муниципального образования
B53: Белореченский муниципальный район
B54: Краснодарского края | G54: Е.А. Греков

Sheet приложение 9
C2: Приложение 9
C3: к решению Совета муниципального образования Белореченский муниципальный район Краснодарского края от 27 марта 2025 г. № 165
B4: Распределение бюджетных ассигнований по целевым статьям (муниципальным программам муниципального образования Белореченский муниципальный район Краснодарского края и непрограммным направлениям деятельности), группам видов расходов классификации расходов бюджетов на 2026 и 2027 годы
F5: (рублей)
B6: Наименование | C6: КЦСР | D6: КВР | E6: 2026 год | F6: 2027 год
A7: 1 | B7: 2 | C7: 3 | D7: 4 | E7: 5 | F7: 6
B8: ВСЕГО | E8: =E9+E53+E57+E99+E104+E116+E131+E199+E214+E237+E241+E306+E274+E335+E233+E258+E270+E282+E254+E266+E290+E208+E229+E123+E127+E286 -> 4360965200 | F8: =F9+F53+F57+F99+F104+F116+F131+F199+F214+F237+F241+F306+F274+F335+F233+F258+F270+F282+F254+F266+F290+F208+F229+F123+F127+F286 -> 4322907500
A9: 1. | B9: Муниципальная программа "Обеспечение деятельности органов местного самоуправления" | C9: 5000000000 | E9: =E10+E15+E43+E47+E50 -> 185949100 | F9: =F10+F15+F43+F47+F50 -> 190374500
B10: Обеспечение деятельности высшего должностного лица муниципального образования | C10: 5010000000 | E10: =E11+E13 -> 2423800 | F10: =F11+F13 -> 2341200
B11: Расходы на обеспечение функций органов местного самоуправления | C11: 5010000190 | E11: =E12 -> 2171800 | F11: =F12 -> 2089200
B12: Расходы на выплаты персоналу в целях обеспечения выполнения функций государственными (муниципальными) органами, казенными учреждениями, органами управления государственными внебюджетными фондами | C12: 5010000190 | D12: 100 | E12: ='приложение 11'!I31 -> 2171800 | F12: ='приложение 11'!P31 -> 2089200
B13: Осуществление отдельного государственного полномочия Краснодарского края по формированию списков семей и граждан, жилые помещения которых утрачены, и (или) списков граждан, жилые помещения которых повреждены в результате чрезвычайных ситуаций природного и техногенного характера, а также в результате террористических актов и (или) при пресечении террористических актов правомерными действиями на территории Краснодарского края | C13: 5010060070 | E13: =E14 -> 252000 | F13: =F14 -> 252000
B14: Закупка товаров, работ и услуг для обеспечения государственных (муниципальных) нужд | C14: 5010060070 | D14: 200 | E14: ='приложение 11'!I118 -> 252000 | F14: ='приложение 11'!P118 -> 252000
B15: Обеспечение деятельности администрации муниципального образования | C15: 5020000000 | E15: =E16+E20+E23+E26+E34+E30+E38+E41 -> 155884800 | F15: =F16+F20+F23+F26+F34+F30+F38+F41 -> 162149900
B16: Расходы на обеспечение функций органов местного самоуправления | C16: 5020000190 | E16: =E17+E18+E19 -> 132332000 | F16: =F17+F18+F19 -> 138597100
B17: Расходы на выплаты персоналу в целях обеспечения выполнения функций государственными (муниципальными) органами, казенными учреждениями, органами управления государственными внебюджетными фондами | C17: 5020000190 | D17: 100 | E17: ='приложение 11'!I36+'приложение 11'!I213+'приложение 11'!I255+'приложение 11'!I273+'приложение 11'!I377+'приложение 11'!I452+'приложение 11'!I502+'приложение 11'!I545 -> 132316300 | F17: ='приложение 11'!P36+'приложение 11'!P213+'приложение 11'!P255+'приложение 11'!P273+'приложение 11'!P377+'приложение 11'!P452+'приложение 11'!P502+'приложение 11'!P545 -> 138582000
B18: Закупка товаров, работ и услуг для обеспечения государственных (муниципальных) нужд | C18: 5020000190 | D18: 200 | E18: ='приложение 11'!I274+'приложение 11'!I378 -> 0 | F18: ='приложение 11'!P274+'приложение 11'!P378 -> 0
B19: Иные бюджетные ассигнования | C19: 5020000190 | D19: 800 | E19: ='приложение 11'!I37+'приложение 11'!I214+'приложение 11'!I256+'приложение 11'!I275+'приложение 11'!I379+'приложение 11'!I453+'приложение 11'!I503+'приложение 11'!I546 -> 15700 | F19: ='приложение 11'!P37+'приложение 11'!P214+'приложение 11'!P256+'приложение 11'!P275+'приложение 11'!P379+'приложение 11'!P453+'приложение 11'!P503+'приложение 11'!P546 -> 15100
B20: Осуществление отдельных государственных полномочий по ведению учета граждан отдельных категорий в качестве нуждающихся в жилых помещениях и по формированию списка детей-сирот и детей, оставшихся без попечения родителей, лиц из числа детей-сирот и детей, оставшихся без попечения родителей, лиц, относившихся к категории детей-сирот и детей, оставшихся без попечения родителей, подлежащих обеспечению жилыми помещениями | C20: 5020060870 | E20: =E21+E22 -> 979700 | F20: =F21+F22 -> 979700
B21: Расходы на выплаты персоналу в целях обеспечения выполнения функций государственными (муниципальными) органами, казенными учреждениями, органами управления государственными внебюджетными фондами | C21: 5020060870 | D21: 100 | E21: ='приложение 11'!I39 -> 979700 | F21: ='приложение 11'!P39 -> 979700
B22: Закупка товаров, работ и услуг для обеспечения государственных (муниципальных) нужд | C22: 5020060870 | D22: 200 | E22: ='приложение 11'!I40 -> 0 | F22: ='приложение 11'!P40 -> 0
B23: Осуществление отдельных государственных полномочий Краснодарского края по поддержке сельскохозяйственного производства | C23: 5020060910 | E23: =E24+E25 -> 1953400 | F23: =F24+F25 -> 1953400
B24: Расходы на выплаты персоналу в целях обеспечения выполнения функций государственными (муниципальными) органами, казенными учреждениями, органами управления государственными внебюджетными фондами | C24: 5020060910 | D24: 100 | E24: ='приложение 11'!I258 -> 1953400 | F24: ='приложение 11'!P258 -> 1953400
B25: Закупка товаров, работ и услуг для обеспечения государственных (муниципальных) нужд | C25: 5020060910 | D25: 200 | E25: ='приложение 11'!I259 -> 0 | F25: ='приложение 11'!P259 -> 0
B26: Осуществление отдельных государственных полномочий по выявлению обстоятельств, свидетельствующих о необходимости оказания детям-сиротам и детям, оставшимся без попечения родителей, лицам из числа детей-сирот и детей, оставшихся без попечения родителей, содействия в преодолении трудной жизненной ситуации, и осуществлению контроля за использованием детьми-сиротами и детьми, оставшимися без попечения родителей, лицами из числа детей-сирот и детей, оставшихся без попечения родителей, предоставленных им жилых помещений специализированного жилищного фонда | C26: 5020069170 | E26: =E27+E28+E29 -> 1314600 | F26: =F27+F28+F29 -> 1314600
B27: Расходы на выплату персоналу в целях обеспечения функций государственными (муниципальными) органами, казенными учреждениями, органами управления государственными внебюджетными фондами | C27: 5020069170 | D27: 100 | E27: ='приложение 11'!I570 -> 1314600 | F27: ='приложение 11'!P570 -> 1314600
B28: Закупка товаров, работ и услуг для обеспечения государственных (муниципальных) нужд | C28: 5020069170 | D28: 200 | E28: ='приложение 11'!I571 -> 0 | F28: ='приложение 11'!P571 -> 0
B29: Иные бюджетные ассигнования | C29: 5020069170 | D29: 800 | E29: ='приложение 11'!I572 -> 0 | F29: ='приложение 11'!P572 -> 0
B30: Осуществление отдельных государственных полномочий Краснодарского края по организации и обеспечению отдыха и оздоровления детей (за исключением организации отдыха детей в каникулярное время) | C30: 5020069180 | E30: =E31+E32+E33 -> 979900 | F30: =F31+F32+F33 -> 979900
B31: Расходы на выплату персоналу в целях обеспечения функций государственными (муниципальными) органами, казенными учреждениями, органами управления государственными внебюджетными фондами | C31: 5020069180 | D31: 100 | E31: ='приложение 11'!I574 -> 979900 | F31: ='приложение 11'!P574 -> 979900
B32: Закупка товаров, работ и услуг для обеспечения государственных (муниципальных) нужд | C32: 5020069180 | D32: 200 | E32: ='приложение 11'!I575 -> 0 | F32: ='приложение 11'!P575 -> 0
B33: Иные бюджетные ассигнования | C33: 5020069180 | D33: 800 | E33: ='приложение 11'!I576 -> 0 | F33: ='приложение 11'!P576 -> 0
B34: Осуществление отдельных государственных полномочий по организации и осуществлению деятельности по опеке и попечительству в отношении несовершеннолетних | C34: 5020069190 | E34: =E35+E36+E37 -> 11991100 | F34: =F35+F36+F37 -> 11991100
B35: Расходы на выплату персоналу в целях обеспечения функций государственными (муниципальными) органами, казенными учреждениями, органами управления государственными внебюджетными фондами | C35: 5020069190 | D35: 100 | E35: ='приложение 11'!I578 -> 11290600 | F35: ='приложение 11'!P578 -> 11290600
B36: Закупка товаров, работ и услуг для обеспечения государственных (муниципальных) нужд | C36: 5020069190 | D36: 200 | E36: ='приложение 11'!I579 -> 700000 | F36: ='приложение 11'!P579 -> 700000
B37: Иные бюджетные ассигнования | C37: 5020069190 | D37: 800 | E37: ='приложение 11'!I580 -> 500 | F37: ='приложение 11'!P580 -> 500
B38: Осуществление отдельных государственных полномочий по созданию и организации деятельности комиссий по делам несовершеннолетних и защите их прав | C38: 5020069200 | E38: =E39+E40 -> 5354400 | F38: =F39+F40 -> 5354400
B39: Расходы на выплаты персоналу в целях обеспечения выполнения функций государственными (муниципальными) органами, казенными учреждениями, органами управления государственными внебюджетными фондами | C39: 5020069200 | D39: 100 | E39: ='приложение 11'!I42 -> 5254400 | F39: ='приложение 11'!P42 -> 5254400
B40: Закупка товаров, работ и услуг для обеспечения государственных (муниципальных) нужд | C40: 5020069200 | D40: 200 | E40: ='приложение 11'!I43 -> 100000 | F40: ='приложение 11'!P43 -> 100000
B41: 0существление отдельных государственных полномочий по предоставлению лицам, которые относились к категории детей-сирот и детей, оставшихся без попечения родителей, лиц из числа детей-сирот и детей, оставшихся без попечения родителей, и достигли возраста 23 лет, выплаты на приобретение благоустроенного жилого помещения в собственность или для полного погашения предоставленного на приобретение жилого помещения кредита (займа) по договору, обязательства заемщика по которому обеспечены ипотекой | C41: 5020069210 | E41: =E42 -> 979700 | F41: =F42 -> 979700
B42: Расходы на выплаты персоналу в целях обеспечения выполнения функций государственными (муниципальными) органами, казенными учреждениями, органами управления государственными внебюджетными фондами | C42: 5020069210 | D42: 100 | E42: ='приложение 11'!I45 -> 979700 | F42: ='приложение 11'!P45 -> 979700
B43: Укрепление материально-технической базы органов местного самоуправления | C43: 5030000000 | E43: =E44 -> 21140500 | F43: =F44 -> 19383400
B44: Укрепление материально-технического оснащения для бесперебойного обеспечения бюджетного процесса | C44: 5030010030 | E44: =E45+E46 -> 21140500 | F44: =F45+F46 -> 19383400
B45: Закупка товаров, работ и услуг для обеспечения государственных (муниципальных) нужд | C45: 5030010030 | D45: 200 | E45: ='приложение 11'!I24+'приложение 11'!I242+'приложение 11'!I249+'приложение 11'!I278+'приложение 11'!I510+'приложение 11'!I294+'приложение 11'!I219+'приложение 11'!I423+'приложение 11'!I474+'приложение 11'!I59 -> 21125500 | F45: ='приложение 11'!P24+'приложение 11'!P242+'приложение 11'!P249+'приложение 11'!P278+'приложение 11'!P510+'приложение 11'!P294+'приложение 11'!P219+'приложение 11'!P423+'приложение 11'!P474+'приложение 11'!P59 -> 19368400
B46: Иные бюджетные ассигнования | C46: 5030010030 | D46: 800 | E46: ='приложение 11'!I295 -> 15000 | F46: ='приложение 11'!P295 -> 15000
B47: Повышение информированности населения о деятельности органов власти | C47: 5040000000 | E47: =E48 -> 1500000 | F47: =F48 -> 1500000
B48: Обеспечение информационной открытости органов власти | C48: 5040010560 | E48: =E49 -> 1500000 | F48: =F49 -> 1500000
B49: Закупка товаров, работ и услуг для обеспечения государственных (муниципальных) нужд | C49: 5040010560 | D49: 200 | E49: ='приложение 11'!I62 -> 1500000 | F49: ='приложение 11'!P62 -> 1500000
B50: Создание информационно-технической инфраструктуры администрации | C50: 5050000000 | E50: =E51 -> 5000000 | F50: =F51 -> 5000000
B51: Информатизация администрации муниципального образования | C51: 5050010780 | E51: =E52 -> 5000000 | F51: =F52 -> 5000000
B52: Закупка товаров, работ и услуг для обеспечения государственных (муниципальных) нужд | C52: 5050010780 | D52: 200 | E52: ='приложение 11'!I65 -> 5000000 | F52: ='приложение 11'!P65 -> 5000000
A53: 2. | B53: Муниципальная программа "Управление муниципальными финансами" | C53: 5100000000 | E53: =E54 -> 20000000 | F53: =F54 -> 20000000
B54: Повышение уровня бюджетной обеспеченности муниципальных образований Белореченского района | C54: 5110000000 | E54: =E55 -> 20000000 | F54: =F55 -> 20000000
B55: Дотации на выравнивание бюджетной обеспеченности поселений | C55: 51100A0030 | E55: =E56 -> 20000000 | F55: =F56 -> 20000000
B56: Межбюджетные трансферты | C56: 51100A0030 | D56: 500 | E56: ='приложение 11'!I225 -> 20000000 | F56: ='приложение 11'!P225 -> 20000000
A57: 3. | B57: Муниципальная программа "Обеспечение деятельности казенных учреждений" | C57: 5200000000 | E57: =E58+E63+E73+E79+E89+E94+E84+E68 -> 233437800 | F57: =F58+F63+F73+F79+F89+F94+F84+F68 -> 227424000
B58: Централизованная бухгалтерия | C58: 5210000000 | E58: =E59 -> 113933900 | F58: =F59 -> 112303100
B59: Расходы на обеспечение деятельности (оказание услуг) муниципальных учреждений | C59: 5210000590 | E59: =E60+E61+E62 -> 113933900 | F59: =F60+F61+F62 -> 112303100
B60: Расходы на выплаты персоналу в целях обеспечения выполнения функций государственными (муниципальными) органами, казенными учреждениями, органами управления государственными внебюджетными фондами | C60: 5210000590 | D60: 100 | E60: ='приложение 11'!I185+'приложение 11'!I69 -> 99078500 | F60: ='приложение 11'!P185+'приложение 11'!P69 -> 97442700
B61: Закупка товаров, работ и услуг для обеспечения государственных (муниципальных) нужд | C61: 5210000590 | D61: 200 | E61: ='приложение 11'!I186+'приложение 11'!I70 -> 14730600 | F61: ='приложение 11'!P186+'приложение 11'!P70 -> 14740300
B62: Иные бюджетные ассигнования | C62: 5210000590 | D62: 800 | E62: ='приложение 11'!I187+'приложение 11'!I71 -> 124800 | F62: ='приложение 11'!P187+'приложение 11'!P71 -> 120100
B63: Административно-хозяйственная часть | C63: 5220000000 | E63: =E64 -> 25470700 | F63: =F64 -> 24210800
B64: Расходы на обеспечение деятельности (оказание услуг) муниципальных учреждений | C64: 5220000590 | E64: =E65+E66+E67 -> 25470700 | F64: =F65+F66+F67 -> 24210800
B65: Расходы на выплаты персоналу в целях обеспечения выполнения функций государственными (муниципальными) органами, казенными учреждениями, органами управления государственными внебюджетными фондами | C65: 5220000590 | D65: 100 | E65: ='приложение 11'!I74 -> 14029500 | F65: ='приложение 11'!P74 -> 13495600
B66: Закупка товаров, работ и услуг для обеспечения государственных (муниципальных) нужд | C66: 5220000590 | D66: 200 | E66: ='приложение 11'!I75 -> 11315700 | F66: ='приложение 11'!P75 -> 10594400
B67: Иные бюджетные ассигнования | C67: 5220000590 | D67: 800 | E67: ='приложение 11'!I76 -> 125500 | F67: ='приложение 11'!P76 -> 120800
B68: Архитектура и градостроительство | C68: 5230000000 | E68: =E69 -> 5876800 | F68: =F69 -> 5653100
B69: Расходы на обеспечение деятельности (оказание услуг) муниципальных учреждений | C69: 5230000590 | E69: =E70+E71+E72 -> 5876800 | F69: =F70+F71+F72 -> 5653100
B70: Расходы на выплаты персоналу в целях обеспечения выполнения функций государственными (муниципальными) органами, казенными учреждениями, органами управления государственными внебюджетными фондами | C70: 5230000590 | D70: 100 | E70: ='приложение 11'!I79 -> 5311900 | F70: ='приложение 11'!P79 -> 5109600
B71: Закупка товаров, работ и услуг для обеспечения государственных (муниципальных) нужд | C71: 5230000590 | D71: 200 | E71: ='приложение 11'!I80 -> 370900 | F71: ='приложение 11'!P80 -> 356900
B72: Иные бюджетные ассигнования | C72: 5230000590 | D72: 800 | E72: ='приложение 11'!I81 -> 194000 | F72: ='приложение 11'!P81 -> 186600
B73: Служба ГО и ЧС | C73: 5240000000 | E73: =E74 -> 32524100 | F73: =F74 -> 31742800
B74: Расходы на обеспечение деятельности (оказание услуг) муниципальных учреждений | C74: 5240000590 | E74: =E75+E76+E78+E77 -> 32524100 | F74: =F75+F76+F78+F77 -> 31742800
B75: Расходы на выплаты персоналу в целях обеспечения выполнения функций государственными (муниципальными) органами, казенными учреждениями, органами управления государственными внебюджетными фондами | C75: 5240000590 | D75: 100 | E75: ='приложение 11'!I104 -> 18867600 | F75: ='приложение 11'!P104 -> 18149200
B76: Закупка товаров, работ и услуг для обеспечения государственных (муниципальных) нужд | C76: 5240000590 | D76: 200 | E76: ='приложение 11'!I105 -> 1637400 | F76: ='приложение 11'!P105 -> 1575200
B77: Межбюджетные трансферты | C77: 5240000590 | D77: 500 | E77: ='приложение 11'!I106 -> 12000000 | F77: ='приложение 11'!P106 -> 12000000
B78: Иные бюджетные ассигнования | C78: 5240000590 | D78: 800 | E78: ='приложение 11'!I107 -> 19100 | F78: ='приложение 11'!P107 -> 18400
B79: ЦРО и МСКО | C79: 5250000000 | E79: =E80 -> 25693200 | F79: =F80 -> 24714900
B80: Расходы на обеспечение деятельности (оказание услуг) муниципальных учреждений | C80: 5250000590 | E80: =E81+E82+E83 -> 25693200 | F80: =F81+F82+F83 -> 24714900
B81: Расходы на выплаты персоналу в целях обеспечения выполнения функций государственными (муниципальными) органами, казенными учреждениями, органами управления государственными внебюджетными фондами | C81: 5250000590 | D81: 100 | E81: ='приложение 11'!I383+'приложение 11'!I457 -> 21827900 | F81: ='приложение 11'!P383+'приложение 11'!P457 -> 20996900
B82: Закупка товаров, работ и услуг для обеспечения государственных (муниципальных) нужд | C82: 5250000590 | D82: 200 | E82: ='приложение 11'!I384+'приложение 11'!I458 -> 3843900 | F82: ='приложение 11'!P384+'приложение 11'!P458 -> 3697400
B83: Иные бюджетные ассигнования | C83: 5250000590 | D83: 800 | E83: ='приложение 11'!I385+'приложение 11'!I459 -> 21400 | F83: ='приложение 11'!P385+'приложение 11'!P459 -> 20600
B84: Служба заказчика | C84: 5260000000 | E84: =E85 -> 14633700 | F84: =F85 -> 14076600
B85: Расходы на обеспечение деятельности (оказание услуг) муниципальных учреждений | C85: 5260000590 | E85: =E86+E87+E88 -> 14633700 | F85: =F86+F87+F88 -> 14076600
B86: Расходы на выплаты персоналу в целях обеспечения выполнения функций государственными (муниципальными) органами, казенными учреждениями, органами управления государственными внебюджетными фондами | C86: 5260000590 | D86: 100 | E86: ='приложение 11'!I84 -> 12609300 | F86: ='приложение 11'!P84 -> 12129200
B87: Закупка товаров, работ и услуг для обеспечения государственных (муниципальных) нужд | C87: 5260000590 | D87: 200 | E87: ='приложение 11'!I85 -> 1580400 | F87: ='приложение 11'!P85 -> 1520300
B88: Иные бюджетные ассигнования | C88: 5260000590 | D88: 800 | E88: ='приложение 11'!I86 -> 444000 | F88: ='приложение 11'!P86 -> 427100
B89: Новое поколение | C89: 5270000000 | E89: =E90 -> 12093100 | F89: =F90 -> 11632800
B90: Расходы на обеспечение деятельности (оказание услуг) муниципальных учреждений | C90: 5270000590 | E90: =E91+E92+E93 -> 12093100 | F90: =F91+F92+F93 -> 11632800
B91: Расходы на выплаты персоналу в целях обеспечения выполнения функций государственными (муниципальными) органами, казенными учреждениями, органами управления государственными внебюджетными фондами | C91: 5270000590 | D91: 100 | E91: ='приложение 11'!I516 -> 10385300 | F91: ='приложение 11'!P516 -> 9989900
B92: Закупка товаров, работ и услуг для обеспечения государственных (муниципальных) нужд | C92: 5270000590 | D92: 200 | E92: ='приложение 11'!I517 -> 1704000 | F92: ='приложение 11'!P517 -> 1639200
B93: Иные бюджетные ассигнования | C93: 5270000590 | D93: 800 | E93: ='приложение 11'!I518 -> 3800 | F93: ='приложение 11'!P518 -> 3700
B94: Центр военно-патриотического воспитания подростков и молодежи имени Героя Советского Союза С.Т.Голенева | C94: 5280000000 | E94: =E95 -> 3212300 | F94: =F95 -> 3089900
B95: Расходы на обеспечение деятельности (оказания услуг) муниципальных учреждений | C95: 5280000590 | E95: =E96+E97+E98 -> 3212300 | F95: =F96+F97+F98 -> 3089900
B96: Расходы на выплаты персоналу в целях обеспечения выполнения функций государственными (муниципальными) органами, казенными учреждениями, органами управления государственными внебюджетными фондами | C96: 5280000590 | D96: 100 | E96: ='приложение 11'!I521 -> 3035500 | F96: ='приложение 11'!P521 -> 2919900
B97: Закупка товаров, работ и услуг для обеспечения государственных (муниципальных) нужд | C97: 5280000590 | D97: 200 | E97: ='приложение 11'!I522 -> 176000 | F97: ='приложение 11'!P522 -> 169300
B98: Иные бюджетные ассигнования | C98: 5280000590 | D98: 800 | E98: ='приложение 11'!I523 -> 800 | F98: ='приложение 11'!P523 -> 700
A99: 4. | B99: Муниципальная программа "Молодежная политика, оздоровление, занятость детей и подростков" | C99: 5300000000 | E99: =E100 -> 551500 | F99: =F100 -> 0
B100: Мероприятия в области молодежной политики | C100: 5310000000 | E100: =E101 -> 551500 | F100: =F101 -> 0
B101: Реализация мероприятий для детей и молодежи | C101: 5310010350 | E101: =E102+E103 -> 551500 | F101: =F102+F103 -> 0
...

Sheet приложение 11
H1: Приложение 11
H2: к решению Совета муниципального образования Белореченский муниципальный район Краснодарского края от 27 марта 2025 г. № 165
C3: Ведомственная структура расходов бюджета муниципального образования Белореченский муниципальный район Краснодарского края на 2026 и 2027 годы
P4: (рублей)
B5: № п\п | C5: Наименование | D5: Коды бюджетной классификации | I5: 2026 год | J5: Первоначальный бюджет | K5: 00.12.2024 | L5: 45687 | M5: 45715 | N5: 45743 | O5: Формулы не заполнять | P5: 2027 год | Q5: Первоначальный бюджет | R5: 00.12.2024 | S5: 45687 | T5: 45715 | U5: 45743 | V5: Формулы не заполнять
D6: Вед | E6: Раздел | F6: Подраздел | G6: Целевая статья | H6: Вид расхода
B7: 1 | C7: 2 | D7: 3 | E7: 4 | F7: 5 | G7: 6 | H7: 7 | I7: 8 | P7: 9
C8: ВСЕГО | I8: =SUM(J8:O8) -> 4360965200 | J8: =J9+J25+J207+J227+J243+J267+J288+J417+J468+J504+J547 -> 4010397400 | K8: =K9+K25+K207+K227+K243+K267+K288+K417+K468+K504+K547 -> 191122600 | L8: =L9+L25+L207+L227+L243+L267+L288+L417+L468+L504+L547 -> 0 | M8: =M9+M25+M207+M227+M243+M267+M288+M417+M468+M504+M547 -> 2499800 | N8: =N9+N25+N207+N227+N243+N267+N288+N417+N468+N504+N547 -> 156945400 | O8: =O9+O25+O207+O227+O243+O267+O288+O417+O468+O504+O547 -> 0 | P8: =SUM(Q8:V8) -> 4322907500 | Q8: =Q9+Q25+Q207+Q227+Q243+Q267+Q288+Q417+Q468+Q504+Q547 -> 3990368800 | R8: =R9+R25+R207+R227+R243+R267+R288+R417+R468+R504+R547 -> 314150800 | S8: =S9+S25+S207+S227+S243+S267+S288+S417+S468+S504+S547 -> 0 | T8: =T9+T25+T207+T227+T243+T267+T288+T417+T468+T504+T547 -> 2499800 | U8: =U9+U25+U207+U227+U243+U267+U288+U417+U468+U504+U547 -> 15888100 | V8: =V9+V25+V207+V227+V243+V267+V288+V417+V468+V504+V547 -> 0
B9: 1. | C9: Совет муниципального образования Белореченский муниципальный район Краснодарского края | D9: 901 | I9: =SUM(J9:O9) -> 7350500 | J9: =J10 -> 7350500 | K9: =K10 -> 0 | L9: =L10 -> 0 | M9: =M10 -> 0 | N9: =N10 -> 0 | O9: =O10 -> 0 | P9: =SUM(Q9:V9) -> 5724100 | Q9: =Q10 -> 5724100 | R9: =R10 -> 0 | S9: =S10 -> 0 | T9: =T10 -> 0 | U9: =U10 -> 0 | V9: =V10 -> 0
C10: Общегосударственные вопросы | D10: 901 | E10: 01 | F10: 00 | I10: =SUM(J10:O10) -> 7350500 | J10: =J11+J20 -> 7350500 | K10: =K11+K20 -> 0 | L10: =L11+L20 -> 0 | M10: =M11+M20 -> 0 | N10: =N11+N20 -> 0 | O10: =O11+O20 -> 0 | P10: =SUM(Q10:V10) -> 5724100 | Q10: =Q11+Q20 -> 5724100 | R10: =R11+R20 -> 0 | S10: =S11+S20 -> 0 | T10: =T11+T20 -> 0 | U10: =U11+U20 -> 0 | V10: =V11+V20 -> 0
C11: Функционирование законодательных (представительных) органов государственной власти и представительных органов муниципальных образований | D11: 901 | E11: 01 | F11: 03 | I11: =SUM(J11:O11) -> 5950500 | J11: =J12 -> 5950500 | K11: =K12 -> 0 | L11: =L12 -> 0 | M11: =M12 -> 0 | N11: =N12 -> 0 | O11: =O12 -> 0 | P11: =SUM(Q11:V11) -> 5724100 | Q11: =Q12 -> 5724100 | R11: =R12 -> 0 | S11: =S12 -> 0 | T11: =T12 -> 0 | U11: =U12 -> 0 | V11: =V12 -> 0
C12: Другие непрограммные направления деятельности органов местного самоуправления | D12: 901 | E12: 01 | F12: 03 | G12: 9900000000 | I12: =SUM(J12:O12) -> 5950500 | J12: =J13+J16 -> 5950500 | K12: =K13+K16 -> 0 | L12: =L13+L16 -> 0 | M12: =M13+M16 -> 0 | N12: =N13+N16 -> 0 | O12: =O13+O16 -> 0 | P12: =SUM(Q12:V12) -> 5724100 | Q12: =Q13+Q16 -> 5724100 | R12: =R13+R16 -> 0 | S12: =S13+S16 -> 0 | T12: =T13+T16 -> 0 | U12: =U13+U16 -> 0 | V12: =V13+V16 -> 0
C13: Обеспечение деятельности лиц, замещающих муниципальные должности в представительных органах, контрольно-счетных органах муниципальных образований | D13: 901 | E13: 01 | F13: 03 | G13: 9910000000 | I13: =SUM(J13:O13) -> 1974200 | J13: =J14 -> 1974200 | K13: =K14 -> 0 | L13: =L14 -> 0 | M13: =M14 -> 0 | N13: =N14 -> 0 | O13: =O14 -> 0 | P13: =SUM(Q13:V13) -> 1899100 | Q13: =Q14 -> 1899100 | R13: =R14 -> 0 | S13: =S14 -> 0 | T13: =T14 -> 0 | U13: =U14 -> 0 | V13: =V14 -> 0
C14: Расходы на обеспечение функций органов местного самоуправления | D14: 901 | E14: 01 | F14: 03 | G14: 9910000190 | I14: =SUM(J14:O14) -> 1974200 | J14: =J15 -> 1974200 | K14: =K15 -> 0 | L14: =L15 -> 0 | M14: =M15 -> 0 | N14: =N15 -> 0 | O14: =O15 -> 0 | P14: =SUM(Q14:V14) -> 1899100 | Q14: =Q15 -> 1899100 | R14: =R15 -> 0 | S14: =S15 -> 0 | T14: =T15 -> 0 | U14: =U15 -> 0 | V14: =V15 -> 0
C15: Расходы на выплаты персоналу в целях обеспечения выполнения функций государственными (муниципальными) органами, казенными учреждениями, органами управления государственными внебюджетными фондами | D15: 901 | E15: 01 | F15: 03 | G15: 9910000190 | H15: 100 | I15: =SUM(J15:O15) -> 1974200 | J15: 1974200 | P15: =SUM(Q15:V15) -> 1899100 | Q15: 1899100
C16: Обеспечение деятельности муниципальных и немуниципальных служащих в представительных органах, контрольно-счетных органах муниципальных образований | D16: 901 | E16: 01 | F16: 03 | G16: 9920000000 | I16: =SUM(J16:O16) -> 3976300 | J16: =J17 -> 3976300 | K16: =K17 -> 0 | L16: =L17 -> 0 | M16: =M17 -> 0 | N16: =N17 -> 0 | O16: =O17 -> 0 | P16: =SUM(Q16:V16) -> 3825000 | Q16: =Q17 -> 3825000 | R16: =R17 -> 0 | S16: =S17 -> 0 | T16: =T17 -> 0 | U16: =U17 -> 0 | V16: =V17 -> 0
C17: Расходы на обеспечение функций органов местного самоуправления | D17: 901 | E17: 01 | F17: 03 | G17: 9920000190 | I17: =SUM(J17:O17) -> 3976300 | J17: =J18+J19 -> 3976300 | K17: =K18+K19 -> 0 | L17: =L18+L19 -> 0 | M17: =M18+M19 -> 0 | N17: =N18+N19 -> 0 | O17: =O18+O19 -> 0 | P17: =SUM(Q17:V17) -> 3825000 | Q17: =Q18+Q19 -> 3825000 | R17: =R18+R19 -> 0 | S17: =S18+S19 -> 0 | T17: =T18+T19 -> 0 | U17: =U18+U19 -> 0 | V17: =V18+V19 -> 0
C18: Расходы на выплаты персоналу в целях обеспечения выполнения функций государственными (муниципальными) органами, казенными учреждениями, органами управления государственными внебюджетными фондами | D18: 901 | E18: 01 | F18: 03 | G18: 9920000190 | H18: 100 | I18: =SUM(J18:O18) -> 3972500 | J18: 3972500 | P18: =SUM(Q18:V18) -> 3821300 | Q18: 3821300
C19: Иные бюджетные ассигнования | D19: 901 | E19: 01 | F19: 03 | G19: 9920000190 | H19: 800 | I19: =SUM(J19:O19) -> 3800 | J19: 3800 | P19: =SUM(Q19:V19) -> 3700 | Q19: 3700
C20: Другие общегосударственные вопросы | D20: 901 | E20: 01 | F20: 13 | I20: =SUM(J20:O20) -> 1400000 | J20: =J21 -> 1400000 | K20: =K21 -> 0 | L20: =L21 -> 0 | M20: =M21 -> 0 | N20: =N21 -> 0 | O20: =O21 -> 0 | P20: =SUM(Q20:V20) -> 0 | Q20: =Q21 -> 0 | R20: =R21 -> 0 | S20: =S21 -> 0 | T20: =T21 -> 0 | U20: =U21 -> 0 | V20: =V21 -> 0
C21: Муниципальная программа "Обеспечение деятельности органов местного самоуправления" | D21: 901 | E21: 01 | F21: 13 | G21: 500000000 | I21: =SUM(J21:O21) -> 1400000 | J21: =J22 -> 1400000 | K21: =K22 -> 0 | L21: =L22 -> 0 | M21: =M22 -> 0 | N21: =N22 -> 0 | O21: =O22 -> 0 | P21: =SUM(Q21:V21) -> 0 | Q21: =Q22 -> 0 | R21: =R22 -> 0 | S21: =S22 -> 0 | T21: =T22 -> 0 | U21: =U22 -> 0 | V21: =V22 -> 0
C22: Укрепление материально-технической базы органов местного самоуправления | D22: 901 | E22: 01 | F22: 13 | G22: 5030000000 | I22: =SUM(J22:O22) -> 1400000 | J22: =J23 -> 1400000 | K22: =K23 -> 0 | L22: =L23 -> 0 | M22: =M23 -> 0 | N22: =N23 -> 0 | O22: =O23 -> 0 | P22: =SUM(Q22:V22) -> 0 | Q22: =Q23 -> 0 | R22: =R23 -> 0 | S22: =S23 -> 0 | T22: =T23 -> 0 | U22: =U23 -> 0 | V22: =V23 -> 0
C23: Укрепление материально-технического оснащения для бесперебойного обеспечения бюджетного процесса | D23: 901 | E23: 01 | F23: 13 | G23: 5030010030 | I23: =SUM(J23:O23) -> 1400000 | J23: =J24 -> 1400000 | K23: =K24 -> 0 | L23: =L24 -> 0 | M23: =M24 -> 0 | N23: =N24 -> 0 | O23: =O24 -> 0 | P23: =SUM(Q23:V23) -> 0 | Q23: =Q24 -> 0 | R23: =R24 -> 0 | S23: =S24 -> 0 | T23: =T24 -> 0 | U23: =U24 -> 0 | V23: =V24 -> 0
C24: Закупка товаров, работ и услуг для обеспечения государственных (муниципальных) нужд | D24: 901 | E24: 01 | F24: 13 | G24: 5030010030 | H24: 200 | I24: =SUM(J24:O24) -> 1400000 | J24: 1400000 | P24: =SUM(Q24:V24) -> 0
B25: 2. | C25: Администрация муниципального образования Белореченский муниципальный район Краснодарского края | D25: 902 | I25: =SUM(J25:O25) -> 522770000 | J25: =J26+J99+J135+J155+J180+J188 -> 521379900 | K25: =K26+K99+K135+K155+K180+K188 -> -339700 | L25: =L26+L99+L135+L155+L180+L188 -> 0 | M25: =M26+M99+M135+M155+M180+M188 -> 0 | N25: =N26+N99+N135+N155+N180+N188 -> 1729800 | O25: =O26+O99+O135+O155+O180+O188 -> 0 | P25: =SUM(Q25:V25) -> 474482700 | Q25: =Q26+Q99+Q135+Q155+Q180+Q188 -> 576061300 | R25: =R26+R99+R135+R155+R180+R188 -> 280200 | S25: =S26+S99+S135+S155+S180+S188 -> 0 | T25: =T26+T99+T135+T155+T180+T188 -> 0 | U25: =U26+U99+U135+U155+U180+U188 -> -101858800 | V25: =V26+V99+V135+V155+V180+V188 -> 0
C26: Общегосударственные вопросы | D26: 902 | E26: 01 | F26: 00 | I26: =SUM(J26:O26) -> 240083300 | J26: =J27+J32+J50+J55+J46 -> 240085900 | K26: =K27+K32+K50+K55+K46 -> -2600 | L26: =L27+L32+L50+L55+L46 -> 0 | M26: =M27+M32+M50+M55+M46 -> 0 | N26: =N27+N32+N50+N55+N46 -> 0 | O26: =O27+O32+O50+O55+O46 -> 0 | P26: =SUM(Q26:V26) -> 243250400 | Q26: =Q27+Q32+Q50+Q55+Q46 -> 240172000 | R26: =R27+R32+R50+R55+R46 -> -125400 | S26: =S27+S32+S50+S55+S46 -> 0 | T26: =T27+T32+T50+T55+T46 -> 0 | U26: =U27+U32+U50+U55+U46 -> 3203800 | V26: =V27+V32+V50+V55+V46 -> 0
C27: Функционирование высшего должностного лица субъекта Российской Федерации и муниципального образования | D27: 902 | E27: 01 | F27: 02 | I27: =SUM(J27:O27) -> 2171800 | J27: =J28 -> 2171800 | K27: =K28 -> 0 | L27: =L28 -> 0 | M27: =M28 -> 0 | N27: =N28 -> 0 | O27: =O28 -> 0 | P27: =SUM(Q27:V27) -> 2089200 | Q27: =Q28 -> 2089200 | R27: =R28 -> 0 | S27: =S28 -> 0 | T27: =T28 -> 0 | U27: =U28 -> 0 | V27: =V28 -> 0
C28: Муниципальная программа "Обеспечение деятельности органов местного самоуправления" | D28: 902 | E28: 01 | F28: 02 | G28: 5000000000 | I28: =SUM(J28:O28) -> 2171800 | J28: =J29 -> 2171800 | K28: =K29 -> 0 | L28: =L29 -> 0 | M28: =M29 -> 0 | N28: =N29 -> 0 | O28: =O29 -> 0 | P28: =SUM(Q28:V28) -> 2089200 | Q28: =Q29 -> 2089200 | R28: =R29 -> 0 | S28: =S29 -> 0 | T28: =T29 -> 0 | U28: =U29 -> 0 | V28: =V29 -> 0
C29: Обеспечение деятельности высшего должностного лица муниципального образования | D29: 902 | E29: 01 | F29: 02 | G29: 5010000000 | I29: =SUM(J29:O29) -> 2171800 | J29: =J30 -> 2171800 | K29: =K30 -> 0 | L29: =L30 -> 0 | M29: =M30 -> 0 | N29: =N30 -> 0 | O29: =O30 -> 0 | P29: =SUM(Q29:V29) -> 2089200 | Q29: =Q30 -> 2089200 | R29: =R30 -> 0 | S29: =S30 -> 0 | T29: =T30 -> 0 | U29: =U30 -> 0 | V29: =V30 -> 0
C30: Расходы на обеспечение функций органов местного самоуправления | D30: 902 | E30: 01 | F30: 02 | G30: 5010000190 | I30: =SUM(J30:O30) -> 2171800 | J30: =J31 -> 2171800 | K30: =K31 -> 0 | L30: =L31 -> 0 | M30: =M31 -> 0 | N30: =N31 -> 0 | O30: =O31 -> 0 | P30: =SUM(Q30:V30) -> 2089200 | Q30: =Q31 -> 2089200 | R30: =R31 -> 0 | S30: =S31 -> 0 | T30: =T31 -> 0 | U30: =U31 -> 0 | V30: =V31 -> 0
C31: Расходы на выплаты персоналу в целях обеспечения выполнения функций государственными (муниципальными) органами, казенными учреждениями, органами управления государственными внебюджетными фондами | D31: 902 | E31: 01 | F31: 02 | G31: 5010000190 | H31: 100 | I31: =SUM(J31:O31) -> 2171800 | J31: 2171800 | P31: =SUM(Q31:V31) -> 2089200 | Q31: 2089200
C32: Функционирование Правительства Российской Федерации, высших исполнительных органов государственной власти субъектов Российской Федерации, местных администраций | D32: 902 | E32: 01 | F32: 04 | I32: =SUM(J32:O32) -> 76239500 | J32: =J33 -> 76239500 | K32: =K33 -> 0 | L32: =L33 -> 0 | M32: =M33 -> 0 | N32: =N33 -> 0 | O32: =O33 -> 0 | P32: =SUM(Q32:V32) -> 84918300 | Q32: =Q33 -> 81714500 | R32: =R33 -> 0 | S32: =S33 -> 0 | T32: =T33 -> 0 | U32: =U33 -> 3203800 | V32: =V33 -> 0
C33: Муниципальная программа "Обеспечение деятельности органов местного самоуправления" | D33: 902 | E33: 01 | F33: 04 | G33: 5000000000 | I33: =SUM(J33:O33) -> 76239500 | J33: =J34 -> 76239500 | K33: =K34 -> 0 | L33: =L34 -> 0 | M33: =M34 -> 0 | N33: =N34 -> 0 | O33: =O34 -> 0 | P33: =SUM(Q33:V33) -> 84918300 | Q33: =Q34 -> 81714500 | R33: =R34 -> 0 | S33: =S34 -> 0 | T33: =T34 -> 0 | U33: =U34 -> 3203800 | V33: =V34 -> 0
C34: Обеспечение деятельности администрации муниципального образования | D34: 902 | E34: 01 | F34: 04 | G34: 5020000000 | I34: =SUM(J34:O34) -> 76239500 | J34: =J35+J38+J41+J44 -> 76239500 | K34: =K35+K38+K41+K44 -> 0 | L34: =L35+L38+L41+L44 -> 0 | M34: =M35+M38+M41+M44 -> 0 | N34: =N35+N38+N41+N44 -> 0 | O34: =O35+O38+O41+O44 -> 0 | P34: =SUM(Q34:V34) -> 84918300 | Q34: =Q35+Q38+Q41+Q44 -> 81714500 | R34: =R35+R38+R41+R44 -> 0 | S34: =S35+S38+S41+S44 -> 0 | T34: =T35+T38+T41+T44 -> 0 | U34: =U35+U38+U41+U44 -> 3203800 | V34: =V35+V38+V41+V44 -> 0
C35: Расходы на обеспечение функций органов местного самоуправления | D35: 902 | E35: 01 | F35: 04 | G35: 5020000190 | I35: =SUM(J35:O35) -> 68925700 | J35: =J36+J37 -> 68925700 | K35: =K36+K37 -> 0 | L35: =L36+L37 -> 0 | M35: =M36+M37 -> 0 | N35: =N36+N37 -> 0 | O35: =O36+O37 -> 0 | P35: =SUM(Q35:V35) -> 77604500 | Q35: =Q36+Q37 -> 74400700 | R35: =R36+R37 -> 0 | S35: =S36+S37 -> 0 | T35: =T36+T37 -> 0 | U35: =U36+U37 -> 3203800 | V35: =V36+V37 -> 0
C36: Расходы на выплаты персоналу в целях обеспечения выполнения функций государственными (муниципальными) органами, казенными учреждениями, органами управления государственными внебюджетными фондами | D36: 902 | E36: 01 | F36: 04 | G36: 5020000190 | H36: 100 | I36: =SUM(J36:O36) -> 68925700 | J36: 68925700 | P36: =SUM(Q36:V36) -> 77604500 | Q36: 74400700 | U36: 3203800
C37: Иные бюджетные ассигнования | D37: 902 | E37: 01 | F37: 04 | G37: 5020000190 | H37: 800 | I37: =SUM(J37:O37) -> 0 | P37: =SUM(Q37:V37) -> 0
C38: Осуществление отдельных государственных полномочий по ведению учета граждан отдельных категорий в качестве нуждающихся в жилых помещениях и по формированию списка детей-сирот и детей, оставшихся без попечения родителей, лиц из числа детей-сирот и детей, оставшихся без попечения родителей, лиц, относившихся к категории детей-сирот и детей, оставшихся без попечения родителей, подлежащих обеспечению жилыми помещениями | D38: 902 | E38: 01 | F38: 04 | G38: 5020060870 | I38: =SUM(J38:O38) -> 979700 | J38: =J39+J40 -> 979700 | K38: =K39+K40 -> 0 | L38: =L39+L40 -> 0 | M38: =M39+M40 -> 0 | N38: =N39+N40 -> 0 | O38: =O39+O40 -> 0 | P38: =SUM(Q38:V38) -> 979700 | Q38: =Q39+Q40 -> 979700 | R38: =R39+R40 -> 0 | S38: =S39+S40 -> 0 | T38: =T39+T40 -> 0 | U38: =U39+U40 -> 0 | V38: =V39+V40 -> 0
C39: Расходы на выплаты персоналу в целях обеспечения выполнения функций государственными (муниципальными) органами, казенными учреждениями, органами управления государственными внебюджетными фондами | D39: 902 | E39: 01 | F39: 04 | G39: 5020060870 | H39: 100 | I39: =SUM(J39:O39) -> 979700 | J39: 979700 | P39: =SUM(Q39:V39) -> 979700 | Q39: 979700
C40: Закупка товаров, работ и услуг для обеспечения государственных (муниципальных) нужд | D40: 902 | E40: 01 | F40: 04 | G40: 5020060870 | H40: 200 | I40: =SUM(J40:O40) -> 0 | P40: =SUM(Q40:V40) -> 0
C41: Осуществление отдельных государственных полномочий по созданию и организации деятельности комиссий по делам несовершеннолетних и защите их прав | D41: 902 | E41: 01 | F41: 04 | G41: 5020069200 | I41: =SUM(J41:O41) -> 5354400 | J41: =J42+J43 -> 5354400 | K41: =K42+K43 -> 0 | L41: =L42+L43 -> 0 | M41: =M42+M43 -> 0 | N41: =N42+N43 -> 0 | O41: =O42+O43 -> 0 | P41: =SUM(Q41:V41) -> 5354400 | Q41: =Q42+Q43 -> 5354400 | R41: =R42+R43 -> 0 | S41: =S42+S43 -> 0 | T41: =T42+T43 -> 0 | U41: =U42+U43 -> 0 | V41: =V42+V43 -> 0
C42: Расходы на выплаты персоналу в целях обеспечения выполнения функций государственными (муниципальными) органами, казенными учреждениями, органами управления государственными внебюджетными фондами | D42: 902 | E42: 01 | F42: 04 | G42: 5020069200 | H42: 100 | I42: =SUM(J42:O42) -> 5254400 | J42: 5254400 | P42: =SUM(Q42:V42) -> 5254400 | Q42: 5254400
C43: Закупка товаров, работ и услуг для обеспечения государственных (муниципальных) нужд | D43: 902 | E43: 01 | F43: 04 | G43: 5020069200 | H43: 200 | I43: =SUM(J43:O43) -> 100000 | J43: 100000 | P43: =SUM(Q43:V43) -> 100000 | Q43: 100000
C44: 0существление отдельных государственных полномочий по предоставлению лицам, которые относились к категории детей-сирот и детей, оставшихся без попечения родителей, лиц из числа детей-сирот и детей, оставшихся без попечения родителей, и достигли возраста 23 лет, выплаты на приобретение благоустроенного жилого помещения в собственность или для полного погашения предоставленного на приобретение жилого помещения кредита (займа) по договору, обязательства заемщика по которому обеспечены ипотекой | D44: 902 | E44: 01 | F44: 04 | G44: 5020069210 | I44: =SUM(J44:O44) -> 979700 | J44: =J45 -> 979700 | K44: =K45 -> 0 | L44: =L45 -> 0 | M44: =M45 -> 0 | N44: =N45 -> 0 | O44: =O45 -> 0 | P44: =SUM(Q44:V44) -> 979700 | Q44: =Q45 -> 979700 | R44: =R45 -> 0 | S44: =S45 -> 0 | T44: =T45 -> 0 | U44: =U45 -> 0 | V44: =V45 -> 0
C45: Расходы на выплаты персоналу в целях обеспечения выполнения функций государственными (муниципальными) органами, казенными учреждениями, органами управления государственными внебюджетными фондами | D45: 902 | E45: 01 | F45: 04 | G45: 5020069210 | H45: 100 | I45: =SUM(J45:O45) -> 979700 | J45: 979700 | P45: =SUM(Q45:V45) -> 979700 | Q45: 979700
C46: Судебная система | D46: 902 | E46: 01 | F46: 05 | I46: =SUM(J46:O46) -> 83300 | J46: =J47 -> 85900 | K46: =K47 -> -2600 | L46: =L47 -> 0 | M46: =M47 -> 0 | N46: =N47 -> 0 | O46: =O47 -> 0 | P46: =SUM(Q46:V46) -> 9200 | Q46: =Q47 -> 134600 | R46: =R47 -> -125400 | S46: =S47 -> 0 | T46: =T47 -> 0 | U46: =U47 -> 0 | V46: =V47 -> 0
C47: Другие непрограммные направления деятельности органов местного самоуправления | D47: 902 | E47: 01 | F47: 05 | G47: 9900000000 | I47: =SUM(J47:O47) -> 83300 | J47: =J48 -> 85900 | K47: =K48 -> -2600 | L47: =L48 -> 0 | M47: =M48 -> 0 | N47: =N48 -> 0 | O47: =O48 -> 0 | P47: =SUM(Q47:V47) -> 9200 | Q47: =Q48 -> 134600 | R47: =R48 -> -125400 | S47: =S48 -> 0 | T47: =T48 -> 0 | U47: =U48 -> 0 | V47: =V48 -> 0
C48: Осуществление полномочий по составлению (изменению) списков кандидатов в присяжные заседатели федеральных судов общей юрисдикции в Российской Федерации | D48: 902 | E48: 01 | F48: 05 | G48: 9900051200 | I48: =SUM(J48:O48) -> 83300 | J48: =J49 -> 85900 | K48: =K49 -> -2600 | L48: =L49 -> 0 | M48: =M49 -> 0 | N48: =N49 -> 0 | O48: =O49 -> 0 | P48: =SUM(Q48:V48) -> 9200 | Q48: =Q49 -> 134600 | R48: =R49 -> -125400 | S48: =S49 -> 0 | T48: =T49 -> 0 | U48: =U49 -> 0 | V48: =V49 -> 0
C49: Закупка товаров, работ и услуг для обеспечения государственных (муниципальных) нужд | D49: 902 | E49: 01 | F49: 05 | G49: 9900051200 | H49: 200 | I49: =SUM(J49:O49) -> 83300 | J49: 85900 | K49: -2600 | L49: 0 | M49: 0 | N49: 0 | O49: 0 | P49: =SUM(Q49:V49) -> 9200 | Q49: 134600 | R49: -125400 | S49: 0 | T49: 0 | U49: 0 | V49: 0
C50: Резервные фонды | D50: 902 | E50: 01 | F50: 11 | I50: =SUM(J50:O50) -> 5000000 | J50: =J51 -> 5000000 | K50: =K51 -> 0 | L50: =L51 -> 0 | M50: =M51 -> 0 | N50: =N51 -> 0 | O50: =O51 -> 0 | P50: =SUM(Q50:V50) -> 5000000 | Q50: =Q51 -> 5000000 | R50: =R51 -> 0 | S50: =S51 -> 0 | T50: =T51 -> 0 | U50: =U51 -> 0 | V50: =V51 -> 0
C51: Другие непрограммные направления деятельности органов местного самоуправления | D51: 902 | E51: 01 | F51: 11 | G51: 9900000000 | I51: =SUM(J51:O51) -> 5000000 | J51: =J52 -> 5000000 | K51: =K52 -> 0 | L51: =L52 -> 0 | M51: =M52 -> 0 | N51: =N52 -> 0 | O51: =O52 -> 0 | P51: =SUM(Q51:V51) -> 5000000 | Q51: =Q52 -> 5000000 | R51: =R52 -> 0 | S51: =S52 -> 0 | T51: =T52 -> 0 | U51: =U52 -> 0 | V51: =V52 -> 0
C52: Финансовое обеспечение непредвиденных расходов | D52: 902 | E52: 01 | F52: 11 | G52: 9930000000 | I52: =SUM(J52:O52) -> 5000000 | J52: =J53 -> 5000000 | K52: =K53 -> 0 | L52: =L53 -> 0 | M52: =M53 -> 0 | N52: =N53 -> 0 | O52: =O53 -> 0 | P52: =SUM(Q52:V52) -> 5000000 | Q52: =Q53 -> 5000000 | R52: =R53 -> 0 | S52: =S53 -> 0 | T52: =T53 -> 0 | U52: =U53 -> 0 | V52: =V53 -> 0
C53: Резервные фонды администрации | D53: 902 | E53: 01 | F53: 11 | G53: 9930020590 | I53: =SUM(J53:O53) -> 5000000 | J53: =J54 -> 5000000 | K53: =K54 -> 0 | L53: =L54 -> 0 | M53: =M54 -> 0 | N53: =N54 -> 0 | O53: =O54 -> 0 | P53: =SUM(Q53:V53) -> 5000000 | Q53: =Q54 -> 5000000 | R53: =R54 -> 0 | S53: =S54 -> 0 | T53: =T54 -> 0 | U53: =U54 -> 0 | V53: =V54 -> 0
C54: Иные бюджетные ассигнования | D54: 902 | E54: 01 | F54: 11 | G54: 9930020590 | H54: 800 | I54: =SUM(J54:O54) -> 5000000 | J54: 5000000 | K54: 0 | L54: 0 | M54: 0 | N54: 0 | O54: 0 | P54: =SUM(Q54:V54) -> 5000000 | Q54: 5000000 | R54: 0 | S54: 0 | T54: 0 | U54: 0 | V54: 0
C55: Другие общегосударственные вопросы | D55: 902 | E55: 01 | F55: 13 | I55: =SUM(J55:O55) -> 156588700 | J55: =J66+J91+J56+J87 -> 156588700 | K55: =K66+K91+K56+K87 -> 0 | L55: =L66+L91+L56+L87 -> 0 | M55: =M66+M91+M56+M87 -> 0 | N55: =N66+N91+N56+N87 -> 0 | O55: =O66+O91+O56+O87 -> 0 | P55: =SUM(Q55:V55) -> 151233700 | Q55: =Q66+Q91+Q56+Q87 -> 151233700 | R55: =R66+R91+R56+R87 -> 0 | S55: =S66+S91+S56+S87 -> 0 | T55: =T66+T91+T56+T87 -> 0 | U55: =U66+U91+U56+U87 -> 0 | V55: =V66+V91+V56+V87 -> 0
C56: Муниципальная программа "Обеспечение деятельности органов местного самоуправления" | D56: 902 | E56: 01 | F56: 13 | G56: 5000000000 | I56: =SUM(J56:O56) -> 11500000 | J56: =J57+J60+J63 -> 11500000 | K56: =K57+K60+K63 -> 0 | L56: =L57+L60+L63 -> 0 | M56: =M57+M60+M63 -> 0 | N56: =N57+N60+N63 -> 0 | O56: =O57+O60+O63 -> 0 | P56: =SUM(Q56:V56) -> 11500000 | Q56: =Q57+Q60+Q63 -> 11500000 | R56: =R57+R60+R63 -> 0 | S56: =S57+S60+S63 -> 0 | T56: =T57+T60+T63 -> 0 | U56: =U57+U60+U63 -> 0 | V56: =V57+V60+V63 -> 0
C57: Укрепление материально-технической базы органов местного самоуправления | D57: 902 | E57: 01 | F57: 13 | G57: 5030000000 | I57: =SUM(J57:O57) -> 5000000 | J57: =J58 -> 5000000 | K57: =K58 -> 0 | L57: =L58 -> 0 | M57: =M58 -> 0 | N57: =N58 -> 0 | O57: =O58 -> 0 | P57: =SUM(Q57:V57) -> 5000000 | Q57: =Q58 -> 5000000 | R57: =R58 -> 0 | S57: =S58 -> 0 | T57: =T58 -> 0 | U57: =U58 -> 0 | V57: =V58 -> 0
C58: Укрепление материально-технического оснащения для бесперебойного обеспечения бюджетного процесса | D58: 902 | E58: 01 | F58: 13 | G58: 5030010030 | I58: =SUM(J58:O58) -> 5000000 | J58: =J59 -> 5000000 | K58: =K59 -> 0 | L58: =L59 -> 0 | M58: =M59 -> 0 | N58: =N59 -> 0 | O58: =O59 -> 0 | P58: =SUM(Q58:V58) -> 5000000 | Q58: =Q59 -> 5000000 | R58: =R59 -> 0 | S58: =S59 -> 0 | T58: =T59 -> 0 | U58: =U59 -> 0 | V58: =V59 -> 0
C59: Закупка товаров, работ и услуг для обеспечения государственных (муниципальных) нужд | D59: 902 | E59: 01 | F59: 13 | G59: 5030010030 | H59: 200 | I59: =SUM(J59:O59) -> 5000000 | J59: 5000000 | P59: =SUM(Q59:V59) -> 5000000 | Q59: 5000000
C60: Повышение информированности населения о деятельности органов власти | D60: 902 | E60: 01 | F60: 13 | G60: 5040000000 | I60: =SUM(J60:O60) -> 1500000 | J60: =J61 -> 1500000 | K60: =K61 -> 0 | L60: =L61 -> 0 | M60: =M61 -> 0 | N60: =N61 -> 0 | O60: =O61 -> 0 | P60: =SUM(Q60:V60) -> 1500000 | Q60: =Q61 -> 1500000 | R60: =R61 -> 0 | S60: =S61 -> 0 | T60: =T61 -> 0 | U60: =U61 -> 0 | V60: =V61 -> 0
C61: Обеспечение информационной открытости органов власти | D61: 902 | E61: 01 | F61: 13 | G61: 5040010560 | I61: =SUM(J61:O61) -> 1500000 | J61: =J62 -> 1500000 | K61: =K62 -> 0 | L61: =L62 -> 0 | M61: =M62 -> 0 | N61: =N62 -> 0 | O61: =O62 -> 0 | P61: =SUM(Q61:V61) -> 1500000 | Q61: =Q62 -> 1500000 | R61: =R62 -> 0 | S61: =S62 -> 0 | T61: =T62 -> 0 | U61: =U62 -> 0 | V61: =V62 -> 0
C62: Закупка товаров, работ и услуг для обеспечения государственных (муниципальных) нужд | D62: 902 | E62: 01 | F62: 13 | G62: 5040010560 | H62: 200 | I62: =SUM(J62:O62) -> 1500000 | J62: 1500000 | P62: =SUM(Q62:V62) -> 1500000 | Q62: 1500000
C63: Создание информационно-технической инфраструктуры администрации | D63: 902 | E63: 01 | F63: 13 | G63: 5050000000 | I63: =SUM(J63:O63) -> 5000000 | J63: =J64 -> 5000000 | K63: =K64 -> 0 | L63: =L64 -> 0 | M63: =M64 -> 0 | N63: =N64 -> 0 | O63: =O64 -> 0 | P63: =SUM(Q63:V63) -> 5000000 | Q63: =Q64 -> 5000000 | R63: =R64 -> 0 | S63: =S64 -> 0 | T63: =T64 -> 0 | U63: =U64 -> 0 | V63: =V64 -> 0
C64: Информатизация администрации муниципального образования | D64: 902 | E64: 01 | F64: 13 | G64: 5050010780 | I64: =SUM(J64:O64) -> 5000000 | J64: =J65 -> 5000000 | K64: =K65 -> 0 | L64: =L65 -> 0 | M64: =M65 -> 0 | N64: =N65 -> 0 | O64: =O65 -> 0 | P64: =SUM(Q64:V64) -> 5000000 | Q64: =Q65 -> 5000000 | R64: =R65 -> 0 | S64: =S65 -> 0 | T64: =T65 -> 0 | U64: =U65 -> 0 | V64: =V65 -> 0
C65: Закупка товаров, работ и услуг для обеспечения государственных (муниципальных) нужд | D65: 902 | E65: 01 | F65: 13 | G65: 5050010780 | H65: 200 | I65: =SUM(J65:O65) -> 5000000 | J65: 5000000 | P65: =SUM(Q65:V65) -> 5000000 | Q65: 5000000
C66: Муниципальная программа "Обеспечение деятельности казенных учреждений" | D66: 902 | E66: 01 | F66: 13 | G66: 5200000000 | I66: =SUM(J66:O66) -> 130742300 | J66: =J67+J72+J82+J77 -> 130742300 | K66: =K67+K72+K82+K77 -> 0 | L66: =L67+L72+L82+L77 -> 0 | M66: =M67+M72+M82+M77 -> 0 | N66: =N67+N72+N82+N77 -> 0 | O66: =O67+O72+O82+O77 -> 0 | P66: =SUM(Q66:V66) -> 125474700 | Q66: =Q67+Q72+Q82+Q77 -> 125474700 | R66: =R67+R72+R82+R77 -> 0 | S66: =S67+S72+S82+S77 -> 0 | T66: =T67+T72+T82+T77 -> 0 | U66: =U67+U72+U82+U77 -> 0 | V66: =V67+V72+V82+V77 -> 0
C67: Централизованная бухгалтерия | D67: 902 | E67: 01 | F67: 13 | G67: 5210000000 | I67: =SUM(J67:O67) -> 84761100 | J67: =J68 -> 84761100 | K67: =K68 -> 0 | L67: =L68 -> 0 | M67: =M68 -> 0 | N67: =N68 -> 0 | O67: =O68 -> 0 | P67: =SUM(Q67:V67) -> 81534200 | Q67: =Q68 -> 81534200 | R67: =R68 -> 0 | S67: =S68 -> 0 | T67: =T68 -> 0 | U67: =U68 -> 0 | V67: =V68 -> 0
C68: Расходы на обеспечение деятельности (оказание услуг) муниципальных учреждений | D68: 902 | E68: 01 | F68: 13 | G68: 5210000590 | I68: =SUM(J68:O68) -> 84761100 | J68: =J69+J70+J71 -> 84761100 | K68: =K69+K70+K71 -> 0 | L68: =L69+L70+L71 -> 0 | M68: =M69+M70+M71 -> 0 | N68: =N69+N70+N71 -> 0 | O68: =O69+O70+O71 -> 0 | P68: =SUM(Q68:V68) -> 81534200 | Q68: =Q69+Q70+Q71 -> 81534200 | R68: =R69+R70+R71 -> 0 | S68: =S69+S70+S71 -> 0 | T68: =T69+T70+T71 -> 0 | U68: =U69+U70+U71 -> 0 | V68: =V69+V70+V71 -> 0
C69: Расходы на выплаты персоналу в целях обеспечения выполнения функций государственными (муниципальными) органами, казенными учреждениями, органами управления государственными внебюджетными фондами | D69: 902 | E69: 01 | F69: 13 | G69: 5210000590 | H69: 100 | I69: =SUM(J69:O69) -> 77302800 | J69: 77302800 | P69: =SUM(Q69:V69) -> 74359700 | Q69: =47153800+27205900 -> 74359700
C70: Закупка товаров, работ и услуг для обеспечения государственных (муниципальных) нужд | D70: 902 | E70: 01 | F70: 13 | G70: 5210000590 | H70: 200 | I70: =SUM(J70:O70) -> 7333500 | J70: 7333500 | P70: =SUM(Q70:V70) -> 7054400 | Q70: =3696400+3358000 -> 7054400
C71: Иные бюджетные ассигнования | D71: 902 | E71: 01 | F71: 13 | G71: 5210000590 | H71: 800 | I71: =SUM(J71:O71) -> 124800 | J71: 124800 | P71: =SUM(Q71:V71) -> 120100 | Q71: =39800+80300 -> 120100
C72: Административно-хозяйственная часть | D72: 902 | E72: 01 | F72: 13 | G72: 5220000000 | I72: =SUM(J72:O72) -> 25470700 | J72: =J73 -> 25470700 | K72: =K73 -> 0 | L72: =L73 -> 0 | M72: =M73 -> 0 | N72: =N73 -> 0 | O72: =O73 -> 0 | P72: =SUM(Q72:V72) -> 24210800 | Q72: =Q73 -> 24210800 | R72: =R73 -> 0 | S72: =S73 -> 0 | T72: =T73 -> 0 | U72: =U73 -> 0 | V72: =V73 -> 0
C73: Расходы на обеспечение деятельности (оказание услуг) муниципальных учреждений | D73: 902 | E73: 01 | F73: 13 | G73: 5220000590 | I73: =SUM(J73:O73) -> 25470700 | J73: =J74+J75+J76 -> 25470700 | K73: =K74+K75+K76 -> 0 | L73: =L74+L75+L76 -> 0 | M73: =M74+M75+M76 -> 0 | N73: =N74+N75+N76 -> 0 | O73: =O74+O75+O76 -> 0 | P73: =SUM(Q73:V73) -> 24210800 | Q73: =Q74+Q75+Q76 -> 24210800 | R73: =R74+R75+R76 -> 0 | S73: =S74+S75+S76 -> 0 | T73: =T74+T75+T76 -> 0 | U73: =U74+U75+U76 -> 0 | V73: =V74+V75+V76 -> 0
C74: Расходы на выплаты персоналу в целях обеспечения выполнения функций государственными (муниципальными) органами, казенными учреждениями, органами управления государственными внебюджетными фондами | D74: 902 | E74: 01 | F74: 13 | G74: 5220000590 | H74: 100 | I74: =SUM(J74:O74) -> 14029500 | J74: 14029500 | P74: =SUM(Q74:V74) -> 13495600 | Q74: 13495600
C75: Закупка товаров, работ и услуг для обеспечения государственных (муниципальных) нужд | D75: 902 | E75: 01 | F75: 13 | G75: 5220000590 | H75: 200 | I75: =SUM(J75:O75) -> 11315700 | J75: 11315700 | P75: =SUM(Q75:V75) -> 10594400 | Q75: 10594400
C76: Иные бюджетные ассигнования | D76: 902 | E76: 01 | F76: 13 | G76: 5220000590 | H76: 800 | I76: =SUM(J76:O76) -> 125500 | J76: 125500 | P76: =SUM(Q76:V76) -> 120800 | Q76: 120800
C77: Архитектура и градостроительство | D77: 902 | E77: 01 | F77: 13 | G77: 5230000000 | I77: =SUM(J77:O77) -> 5876800 | J77: =J78 -> 5876800 | K77: =K78 -> 0 | L77: =L78 -> 0 | M77: =M78 -> 0 | N77: =N78 -> 0 | O77: =O78 -> 0 | P77: =SUM(Q77:V77) -> 5653100 | Q77: =Q78 -> 5653100 | R77: =R78 -> 0 | S77: =S78 -> 0 | T77: =T78 -> 0 | U77: =U78 -> 0 | V77: =V78 -> 0
C78: Расходы на обеспечение деятельности (оказание услуг) муниципальных учреждений | D78: 902 | E78: 01 | F78: 13 | G78: 5230000590 | I78: =SUM(J78:O78) -> 5876800 | J78: =J79+J80+J81 -> 5876800 | K78: =K79+K80+K81 -> 0 | L78: =L79+L80+L81 -> 0 | M78: =M79+M80+M81 -> 0 | N78: =N79+N80+N81 -> 0 | O78: =O79+O80+O81 -> 0 | P78: =SUM(Q78:V78) -> 5653100 | Q78: =Q79+Q80+Q81 -> 5653100 | R78: =R79+R80+R81 -> 0 | S78: =S79+S80+S81 -> 0 | T78: =T79+T80+T81 -> 0 | U78: =U79+U80+U81 -> 0 | V78: =V79+V80+V81 -> 0
C79: Расходы на выплаты персоналу в целях обеспечения выполнения функций государственными (муниципальными) органами, казенными учреждениями, органами управления государственными внебюджетными фондами | D79: 902 | E79: 01 | F79: 13 | G79: 5230000590 | H79: 100 | I79: =SUM(J79:O79) -> 5311900 | J79: 5311900 | P79: =SUM(Q79:V79) -> 5109600 | Q79: 5109600
C80: Закупка товаров, работ и услуг для обеспечения государственных (муниципальных) нужд | D80: 902 | E80: 01 | F80: 13 | G80: 5230000590 | H80: 200 | I80: =SUM(J80:O80) -> 370900 | J80: 370900 | P80: =SUM(Q80:V80) -> 356900 | Q80: 356900
C81: Иные бюджетные ассигнования | D81: 902 | E81: 01 | F81: 13 | G81: 5230000590 | H81: 800 | I81: =SUM(J81:O81) -> 194000 | J81: 194000 | P81: =SUM(Q81:V81) -> 186600 | Q81: 186600
C82: Служба заказчика | D82: 902 | E82: 01 | F82: 13 | G82: 5260000000 | I82: =SUM(J82:O82) -> 14633700 | J82: =+J83 -> 14633700 | K82: =+K83 -> 0 | L82: =+L83 -> 0 | M82: =+M83 -> 0 | N82: =+N83 -> 0 | O82: =+O83 -> 0 | P82: =SUM(Q82:V82) -> 14076600 | Q82: =Q83 -> 14076600 | R82: =+R83 -> 0 | S82: =+S83 -> 0 | T82: =+T83 -> 0 | U82: =+U83 -> 0 | V82: =+V83 -> 0
C83: Расходы на обеспечение деятельности (оказание услуг) муниципальных учреждений | D83: 902 | E83: 01 | F83: 13 | G83: 5260000590 | I83: =SUM(J83:O83) -> 14633700 | J83: =J84+J85+J86 -> 14633700 | K83: =K84+K85+K86 -> 0 | L83: =L84+L85+L86 -> 0 | M83: =M84+M85+M86 -> 0 | N83: =N84+N85+N86 -> 0 | O83: =O84+O85+O86 -> 0 | P83: =SUM(Q83:V83) -> 14076600 | Q83: =Q84+Q85+Q86 -> 14076600 | R83: =R84+R85+R86 -> 0 | S83: =S84+S85+S86 -> 0 | T83: =T84+T85+T86 -> 0 | U83: =U84+U85+U86 -> 0 | V83: =V84+V85+V86 -> 0
C84: Расходы на выплаты персоналу в целях обеспечения выполнения функций государственными (муниципальными) органами, казенными учреждениями, органами управления государственными внебюджетными фондами | D84: 902 | E84: 01 | F84: 13 | G84: 5260000590 | H84: 100 | I84: =SUM(J84:O84) -> 12609300 | J84: 12609300 | P84: =SUM(Q84:V84) -> 12129200 | Q84: 12129200
C85: Закупка товаров, работ и услуг для обеспечения государственных (муниципальных) нужд | D85: 902 | E85: 01 | F85: 13 | G85: 5260000590 | H85: 200 | I85: =SUM(J85:O85) -> 1580400 | J85: 1580400 | P85: =SUM(Q85:V85) -> 1520300 | Q85: 1520300
C86: Иные бюджетные ассигнования | D86: 902 | E86: 01 | F86: 13 | G86: 5260000590 | H86: 800 | I86: =SUM(J86:O86) -> 444000 | J86: 444000 | P86: =SUM(Q86:V86) -> 427100 | Q86: 427100
C87: Муниципальная программа "Поддержка социально ориентированных некоммерческих организаций" | D87: 902 | E87: 01 | F87: 13 | G87: 6300000000 | I87: =SUM(J87:O87) -> 2050000 | J87: =J88 -> 2050000 | K87: =K88 -> 0 | L87: =L88 -> 0 | M87: =M88 -> 0 | N87: =N88 -> 0 | O87: =O88 -> 0 | P87: =SUM(Q87:V87) -> 2050000 | Q87: =Q88 -> 2050000 | R87: =R88 -> 0 | S87: =S88 -> 0 | T87: =T88 -> 0 | U87: =U88 -> 0 | V87: =V88 -> 0
C88: Формирование благоприятных условий для осуществления деятельности социально ориентированных некоммерческих организаций | D88: 902 | E88: 01 | F88: 13 | G88: 6310000000 | I88: =SUM(J88:O88) -> 2050000 | J88: =J89 -> 2050000 | K88: =K89 -> 0 | L88: =L89 -> 0 | M88: =M89 -> 0 | N88: =N89 -> 0 | O88: =O89 -> 0 | P88: =SUM(Q88:V88) -> 2050000 | Q88: =Q89 -> 2050000 | R88: =R89 -> 0 | S88: =S89 -> 0 | T88: =T89 -> 0 | U88: =U89 -> 0 | V88: =V89 -> 0
C89: Реализация мероприятий по поддержке социально ориентированных некоммерческих организаций | D89: 902 | E89: 01 | F89: 13 | G89: 6310010050 | I89: =SUM(J89:O89) -> 2050000 | J89: =J90 -> 2050000 | K89: =K90 -> 0 | L89: =L90 -> 0 | M89: =M90 -> 0 | N89: =N90 -> 0 | O89: =O90 -> 0 | P89: =SUM(Q89:V89) -> 2050000 | Q89: =Q90 -> 2050000 | R89: =R90 -> 0 | S89: =S90 -> 0 | T89: =T90 -> 0 | U89: =U90 -> 0 | V89: =V90 -> 0
C90: Предоставление субсидий бюджетным, автономным учреждениям и иным некоммерческим организациям | D90: 902 | E90: 01 | F90: 13 | G90: 6310010050 | H90: 600 | I90: =SUM(J90:O90) -> 2050000 | J90: 2050000 | P90: =SUM(Q90:V90) -> 2050000 | Q90: 2050000
C91: Другие непрограммные направления деятельности органов местного самоуправления | D91: 902 | E91: 01 | F91: 13 | G91: 9900000000 | I91: =SUM(J91:O91) -> 12296400 | J91: =J94+J92+J96 -> 12296400 | K91: =K94+K92+K96 -> 0 | L91: =L94+L92+L96 -> 0 | M91: =M94+M92+M96 -> 0 | N91: =N94+N92+N96 -> 0 | O91: =O94+O92+O96 -> 0 | P91: =SUM(Q91:V91) -> 12209000 | Q91: =Q94+Q92+Q96 -> 12209000 | R91: =R94+R92+R96 -> 0 | S91: =S94+S92+S96 -> 0 | T91: =T94+T92+T96 -> 0 | U91: =U94+U92+U96 -> 0 | V91: =V94+V92+V96 -> 0
C92: Реализация мероприятий по выполнению наказов избирателей депутатам представительного органа | D92: 902 | E92: 01 | F92: 13 | G92: 9900010150 | I92: =SUM(J92:O92) -> 10000000 | J92: =J93 -> 10000000 | K92: =K93 -> 0 | L92: =L93 -> 0 | M92: =M93 -> 0 | N92: =N93 -> 0 | O92: =O93 -> 0 | P92: =SUM(Q92:V92) -> 10000000 | Q92: =Q93 -> 10000000 | R92: =R93 -> 0 | S92: =S93 -> 0 | T92: =T93 -> 0 | U92: =U93 -> 0 | V92: =V93 -> 0
C93: Закупка товаров, работ и услуг для обеспечения государственных (муниципальных) нужд | D93: 902 | E93: 01 | F93: 13 | G93: 9900010150 | H93: 200 | I93: =SUM(J93:O93) -> 10000000 | J93: 10000000 | P93: =SUM(Q93:V93) -> 10000000 | Q93: 10000000
C94: Исполнение судебных решений | D94: 902 | E94: 01 | F94: 13 | G94: 9900010910 | I94: =SUM(J94:O94) -> 765500 | J94: =J95 -> 765500 | K94: =K95 -> 0 | L94: =L95 -> 0 | M94: =M95 -> 0 | N94: =N95 -> 0 | O94: =O95 -> 0 | P94: =SUM(Q94:V94) -> 736300 | Q94: =Q95 -> 736300 | R94: =R95 -> 0 | S94: =S95 -> 0 | T94: =T95 -> 0 | U94: =U95 -> 0 | V94: =V95 -> 0
C95: Иные бюджетные ассигнования | D95: 902 | E95: 01 | F95: 13 | G95: 9900010910 | H95: 800 | I95: =SUM(J95:O95) -> 765500 | J95: 765500 | P95: =SUM(Q95:V95) -> 736300 | Q95: 736300
C96: Непрограммные мероприятия в области архитектуры и управления муниципальным имуществом | D96: 902 | E96: 01 | F96: 13 | G96: 9960000000 | I96: =SUM(J96:O96) -> 1530900 | J96: =J97 -> 1530900 | K96: =K97 -> 0 | L96: =L97 -> 0 | M96: =M97 -> 0 | N96: =N97 -> 0 | O96: =O97 -> 0 | P96: =SUM(Q96:V96) -> 1472700 | Q96: =Q97 -> 1472700 | R96: =R97 -> 0 | S96: =S97 -> 0 | T96: =T97 -> 0 | U96: =U97 -> 0 | V96: =V97 -> 0
C97: Мероприятия в области подготовительных работ и ввода в эксплуатацию объектов строительства | D97: 902 | E97: 01 | F97: 13 | G97: 9960010570 | I97: =SUM(J97:O97) -> 1530900 | J97: =J98 -> 1530900 | K97: =K98 -> 0 | L97: =L98 -> 0 | M97: =M98 -> 0 | N97: =N98 -> 0 | O97: =O98 -> 0 | P97: =SUM(Q97:V97) -> 1472700 | Q97: =Q98 -> 1472700 | R97: =R98 -> 0 | S97: =S98 -> 0 | T97: =T98 -> 0 | U97: =U98 -> 0 | V97: =V98 -> 0
C98: Закупка товаров, работ и услуг для обеспечения государственных (муниципальных) нужд | D98: 902 | E98: 01 | F98: 13 | G98: 9960010570 | H98: 200 | I98: =SUM(J98:O98) -> 1530900 | J98: 1530900 | P98: =SUM(Q98:V98) -> 1472700 | Q98: 1472700
C99: Национальная безопасность и правоохранительная деятельность | D99: 902 | E99: 03 | F99: 00 | I99: =SUM(J99:O99) -> 42296100 | J99: =J100+J119+J114 -> 42296100 | K99: =K100+K119+K114 -> 0 | L99: =L100+L119+L114 -> 0 | M99: =M100+M119+M114 -> 0 | N99: =N100+N119+N114 -> 0 | O99: =O100+O119+O114 -> 0 | P99: =SUM(Q99:V99) -> 45744800 | Q99: =Q100+Q119+Q114 -> 45744800 | R99: =R100+R119+R114 -> 0 | S99: =S100+S119+S114 -> 0 | T99: =T100+T119+T114 -> 0 | U99: =U100+U119+U114 -> 0 | V99: =V100+V119+V114 -> 0
C100: Гражданская оборона | D100: 902 | E100: 03 | F100: 09 | I100: =SUM(J100:O100) -> 35524100 | J100: =J101+J108 -> 35524100 | K100: =K101+K108 -> 0 | L100: =L101+L108 -> 0 | M100: =M101+M108 -> 0 | N100: =N101+N108 -> 0 | O100: =O101+O108 -> 0 | P100: =SUM(Q100:V100) -> 34742800 | Q100: =Q101+Q108 -> 34742800 | R100: =R101+R108 -> 0 | S100: =S101+S108 -> 0 | T100: =T101+T108 -> 0 | U100: =U101+U108 -> 0 | V100: =V101+V108 -> 0
...
